 Dungeon Crawl Stone Soup version 0.17-a0-562-gfd539b1 (console) character file.

2858 Fusha the Slicer (level 10, -4/56 HPs)
             Began as a Halfling Wizard on Apr 14, 2015.
             Slain by an ice beast (7 damage)
             ... on level 6 of the Dungeon.
             The game lasted 00:39:33 (10861 turns).

Fusha the Slicer (Halfling Wizard)                 Turns: 10861, Time: 00:39:33

Health: -4/56      AC:  3    Str: 10    XL:     10   Next: 4%
Magic:  13/16      EV: 16    Int: 17    God:
Gold:   312        SH:  0    Dex: 14    Spells: 4 memorised, 9 levels left

rFire  . . .     SeeInvis .     s - +2 dagger (flame)
rCold  + . .     Clarity  .     G - +1 robe {Archmagi}
rNeg   . . .     SustAb   .     (shield restricted)
rPois  .         Gourm    .     z - +0 hat
rElec  .         Spirit   .     (no cloak)
rCorr  .         Warding  .     (no gloves)
rMut   .         Stasis   .     (no boots)
MR     .....                    (no amulet)
Stlth  +++.......               A - ring of wizardry
                                D - ring of protection from cold

@: repel missiles, heavily drained, not resistant to hostile enchantments,
fairly stealthy
A: mutation resistance 1
a: no special abilities


You were on level 6 of the Dungeon.
You were very hungry.

You visited 1 branch of the dungeon, and saw 6 of its levels.

You collected 312 gold pieces.

Inventory:

Hand weapons
 a - a +2 dagger of protection
 b - a +0 hunting sling
 e - a +0 short sword
 s - a +2 dagger of flaming (weapon)
Missiles
 k - 43 poisoned needles
 y - 20 sling bullets
Armour
 j - a +0 robe
 o - a +1 robe of cold resistance
 z - a +0 hat (worn)
 G - a +1 robe of the Archmagi (worn)
Jewellery
 t - an uncursed ring of flight
 A - a ring of wizardry (right hand)
 D - a ring of protection from cold (left hand)
 I - an uncursed ring of fire
Magical devices
 v - a wand of enslavement (18)
Scrolls
 f - a scroll of recharging {unknown}
 g - 2 scrolls of enchant armour {unknown}
 i - 2 scrolls of teleportation
 l - 3 scrolls of random uselessness {unknown}
 m - a scroll of noise {unknown}
 n - a scroll of fog {unknown}
 q - a scroll of magic mapping {unknown}
 r - 4 scrolls of remove curse {unknown}
 x - 4 scrolls of identify {unknown}
 B - a scroll of blinking {unknown}
 F - a scroll of amnesia {unknown}
Potions
 h - 3 potions of ambrosia {unknown}
 p - 4 potions of restore abilities
 u - a potion of flight
 w - a potion of mutation
 C - a potion of magic {unknown}
 H - a potion of agility {unknown}
Books
 c - a book of Minor Magic

   Spells                             Type                      Level
   a - Magic Dart                     Conjuration                  1
   b - Blink                          Translocation                2
   c - Call Imp                       Summoning                    2
   d - Repel Missiles                 Charms/Air                   2
   e - Slow                           Hexes                        2
   f - Conjure Flame                  Conjuration/Fire             3
   g - Mephitic Cloud                 Conjuration/Poison/Air       3
Comestibles
 d - 3 bread rations
 E - 2 fruits


   Skills:
 + Level 8.9(6.9) Short Blades
 * Level 5.1(3.2) Slings
 + Level 5.2(3.4) Dodging
 + Level 6.0(4.1) Stealth
 + Level 4.3(2.6) Spellcasting
 - Level 0.7(0.0) Conjurations
   Level 0.8(0.0) Summonings
 + Level 5.0(3.1) Translocations
 + Level 4.6(2.8) Air Magic
 + Level 1.8(0.1) Evocations


You had 9 spell levels left.
You knew the following spells:

 Your Spells              Type           Power        Failure   Level  Hunger
b - Blink                 Tloc           N/A          4%          2    ##.....
c - Mephitic Cloud        Conj/Pois/Air  #.......     16%         3    ###....
d - Magic Dart            Conj           #...         9%          1    #......
e - Repel Missiles        Chrm/Air       ##....       7%          2    ##.....


Dungeon Overview and Level Annotations

Branches:
Dungeon (6/15)             Temple (0/1) D:6

Altars:
Trog


Innate Abilities, Weirdness & Mutations

You are small and have problems with some larger weapons.
You are somewhat resistant to further mutation.


Message History

You hit the ice beast but do no damage.
The ice beast is moderately wounded.
You hit the ice beast.
You melt the ice beast.
The ice beast is heavily wounded.
The ice beast hits you.
* * * LOW HITPOINT WARNING * * *
The ice beast freezes you. You resist.
* * * LOW HITPOINT WARNING * * *
Casting: Blink
Confirm with . or Enter, or press ? or * to list all spells.
You feel a surge of power!
You blink.
A quokka zombie comes into view.
The quokka zombie moves out of view.
Casting: Blink
Confirm with . or Enter, or press ? or * to list all spells.
You feel a surge of power!
You blink.
The ice beast hits you.
* * * LOW HITPOINT WARNING * * *
The ice beast freezes you! You resist.
You die...

#.#...#####...####
.......
#.###............#
..P.P.. #.#
#######.#....# ##..>..#
#.# ##....#.######
##..P.P.# #.#
#.......)....###.......#
#.#
#......###..............
#.#
#...Z.....(....(...##.
#.# #.....Y####........#
#<# #...[..@....##.....#
#.##
#......##....##.####
...## #......####....##
≈## ....## ##....##
##.>## ≈≈≈≈#
.....###################
≈≈≈≈≈≈#
........(......)......#
....≈≈≈
....>.#################
##≈≈≈# .....## #8.8
.....## +...


You could see an ice beast and a quokka zombie.

Vanquished Creatures
  Pikel (D:5)
  Edmund (D:6)
  2 sky beasts (D:5)
  A phantom (D:4)
  2 centaurs
  2 ogres (D:4)
  A gnoll sergeant (D:5)
  A water moccasin zombie (D:5)
  A scorpion (D:4)
  2 crimson imps
  A centaur zombie (D:4)
  3 orc priests
  2 hounds (D:4)
  2 giant frog zombies (D:4)
  2 giant frog skeletons (D:4)
  6 orc wizards
  2 centaur skeletons
  Ijyb (D:3)
  A jelly (D:6)
  Terence (D:3)
  Natasha (thrice) (D:2)
  6 worker ants
  3 hound zombies
  2 worker ant zombies (D:4)
  7 adders
  5 gnolls
  5 oozes
  An adder zombie (D:4)
  A worm (D:2)
  An adder skeleton (D:4)
  3 giant geckos
  40 orcs
  3 ball pythons
  4 bat skeletons
  3 bat zombies (D:4)
  8 giant cockroaches
  9 goblins
  14 hobgoblins
  14 kobolds
  2 quokkas (D:3)
  A ball python zombie (D:4)
  10 bats
  A giant cockroach zombie (D:4)
  2 giant gecko skeletons
  A giant gecko zombie (D:4)
  10 giant newts
  4 jackals
  A jackal zombie (D:4)
  11 rats
210 creatures vanquished.

Vanquished Creatures (others)
  2 slaves (D:5)
  A giant frog skeleton (D:5)
  A giant gecko (D:5)
  A giant newt (D:5)
  A rat (D:5)
6 creatures vanquished.

Grand Total: 216 creatures vanquished

Notes
Turn   | Place    | Note
--------------------------------------------------------------
     0 | D:1      | Fusha, the Halfling Wizard, began the quest for the Orb.
     0 | D:1      | Reached XP level 1. HP: 11/11 MP: 3/3
    88 | D:1      | Reached skill level 1 in Short Blades
   228 | D:1      | Reached XP level 2. HP: 13/17 MP: 5/5
   794 | D:1      | Reached XP level 3. HP: 21/21 MP: 6/6
   906 | D:1      | Reached skill level 3 in Stealth
  1020 | D:1      | Learned a level 2 spell: Blink
  1023 | D:1      | Learned a level 2 spell: Repel Missiles
  1164 | D:1      | Reached XP level 4. HP: 25/27 MP: 7/7
  1914 | D:2      | Noticed Natasha
  1935 | D:2      | Killed Natasha
  1935 | D:2      | Reached XP level 5. HP: 14/31 MP: 8/8
  2162 | D:2      | Noticed Natasha
  2167 | D:2      | Killed Natasha
  2167 | D:2      | Reached skill level 1 in Air Magic
  2294 | D:2      | Noticed Natasha
  2301 | D:2      | Killed Natasha
  2764 | D:3      | Noticed Ijyb
  2809 | D:3      | Killed Ijyb
  3829 | D:3      | Reached XP level 6. HP: 12/36 MP: 7/10
  4033 | D:3      | Reached skill level 4 in Short Blades
  4509 | D:3      | Noticed Terence
  4529 | D:3      | Killed Terence
  5466 | D:4      | Reached XP level 7. HP: 38/41 MP: 11/11
  5639 | D:4      | Reached skill level 5 in Short Blades
  7150 | D:4      | Reached skill level 6 in Short Blades
  7150 | D:4      | Reached XP level 8. HP: 35/46 MP: 13/13
  7239 | D:4      | Reached skill level 1 in Slings
  7865 | D:4      | Found a bloodstained altar of Trog.
  7896 | D:4      | Learned a level 3 spell: Mephitic Cloud
  8414 | D:5      | Entered Level 5 of the Dungeon
  8473 | D:5      | Reached skill level 7 in Short Blades
  8473 | D:5      | Reached skill level 5 in Stealth
  8913 | D:5      | Noticed Pikel
  8949 | D:5      | Reached XP level 9. HP: 51/51 MP: 9/14
  8968 | D:5      | Killed Pikel
  9138 | D:5      | Reached skill level 8 in Short Blades
  9346 | D:5      | Reached skill level 5 in Dodging
  9942 | D:6      | Reached skill level 1 in Evocations
 10022 | D:6      | Noticed a centaur skeleton
 10051 | D:6      | Killed a centaur skeleton
 10691 | D:6      | Found a staircase to the Ecumenical Temple.
 10703 | D:6      | Reached XP level 10. HP: 51/56 MP: 16/16
 10776 | D:6      | Noticed Edmund
 10843 | D:6      | Killed Edmund
 10843 | D:6      | Reached skill level 5 in Slings
 10843 | D:6      | Reached skill level 5 in Translocations
 10861 | D:6      | Slain by an ice beast

Action                   |  1- 3 |  4- 6 |  7- 9 | 10-12 || total
-------------------------+-------+-------+-------+-------++-------
Melee: Short sword       |    35 |       |       |       ||    35
       Dagger            |    90 |   398 |   829 |    56 ||  1373
       Hunting sling     |       |       |     1 |       ||     1
 Fire: Hunting sling     |       |    11 |   101 |     3 ||   115
 Cast: Magic Dart        |    18 |    28 |    18 |       ||    64
       Blink             |       |       |     8 |     2 ||    10
       Repel Missiles    |       |       |     3 |       ||     3
       Mephitic Cloud    |       |       |     3 |       ||     3
  Use: Potion            |       |     8 |     5 |       ||    13
       Scroll            |       |       |     2 |       ||     2
 Stab: Sleeping          |     1 |     4 |     9 |       ||    14
       Distracted        |       |     3 |     1 |       ||     4
       Confused          |       |       |     3 |       ||     3
  Eat: Royal jelly       |     1 |       |       |       ||     1
       Pizza             |       |     2 |     1 |       ||     3
       Bread ration      |       |     1 |     1 |       ||     2
       Meat ration       |       |     2 |       |       ||     2
       Beef jerky        |       |       |     1 |       ||     1
       Fruit             |       |       |     7 |       ||     7
